Map: Orbital Shipyard

Players

STaR - Winner!

  • Race: Protoss Protoss
  • League: Platinum

A.I. 1 (Very Hard)

  • Race: Protoss Protoss

VOD

Have the link to the VOD?

Description

Time

  • Played on: Feb. 1, 2016, 4:26 p.m.
  • Length: 19:13
Show
View Real Time Build Order
Export as new Build Order

STaR Protoss - Winner!

Build Orders: Dark Templar Rush 

Get SALT Encoding   

  12  0:01  Probe (Chrono Boost)  
  13  0:11  Probe (Chrono Boost)  
  14  0:19  Pylon  
  14  0:22  Probe (Chrono Boost)  
  15  0:37  Probe (Chrono Boost)  
  15  0:38  Gateway  
  16  0:48  Probe (Chrono Boost)  
  17  0:53  Gateway  
  17  0:58  Probe (Chrono Boost)  
  17  1:02  Assimilator  
  18  1:09  Probe (Chrono Boost)  
  19  1:12  Assimilator  
  19  1:19  Probe (Chrono Boost)  
  20  1:33  Cybernetics Core  
  20  1:35  Probe (Chrono Boost)  
  21  1:45  Probe (Chrono Boost)  
  22  1:50  Pylon  
  22  1:56  Probe (Chrono Boost)  
  23  2:14  Twilight Council  
  23  2:15  Adept x2  
  27  2:20  Warp Gate (Chrono Boost)  
  27  2:29  Pylon  
  27  2:42  Adept x2  
  31  2:55  Dark Shrine  
  31  3:08  Nexus  
  31  3:14  Mothership Core  
  29  3:40  Probe  
  30  3:44  Pylon  
  30  3:52  Probe  
  31  4:11  Dark Templar x2  
  31  4:16  Gateway x2  
  31  4:21  Gateway  
  31  4:31  Probe  
  31  4:32  Probe  
  33  4:41  Probe  
  33  4:42  Robotics Facility  
  34  4:50  Probe  
  34  4:52  Probe  
  36  5:16  Forge  
  36  5:17  Forge  
  36  5:35  Observer (Chrono Boost)  
  37  5:39  Stalker x5  
  47  5:46  Probe  
  47  5:47  Probe  
  47  5:49  Protoss Ground Weapons Level 1 (Chrono Boost)  
  49  5:54  Assimilator  
  49  5:56  Probe  
  49  5:59  Assimilator  
  48  6:09  Stalker x2  
  50  6:17  Protoss Ground Armor Level 1 (Chrono Boost)  
  50  6:23  Probe  
  50  6:25  Probe  
  52  6:39  Gateway  
  52  6:40  Gateway  
  52  6:44  Pylon  
  52  6:53  Pylon  
  52  6:57  Probe  
  52  6:58  Probe  
  52  7:00  Pylon  
  54  7:11  Nexus  
  54  7:30  Pylon  
  54  7:31  Pylon  
  54  7:33  Stalker  
  54  7:34  Pylon  
  56  7:39  Blink (Chrono Boost)  
  56  7:47  Templar Archives  
  56  7:50  Probe x2  
  58  8:02  Probe  
  58  8:03  Protoss Ground Weapons Level 2 (Chrono Boost)  
  58  8:04  Observer  
  60  8:07  Protoss Ground Armor Level 2 (Chrono Boost)  
  60  8:15  Probe  
  60  8:16  Probe  
  62  8:21  Assimilator  
  62  8:27  Assimilator  
  62  8:28  High Templar x3  
  62  8:33  High Templar  
  70  8:35  Probe, Archon  
  70  8:37  Probe x2  
  70  8:39  Archon  
  73  8:51  Pylon  
  73  8:54  Probe x3  
  76  8:56  Immortal  
  80  9:11  Probe x3  
  83  9:23  Probe x3  
  86  9:28  High Templar x4  
  86  9:29  Zealot x2  
  86  9:30  Zealot  
  94  9:33  Archon  
  94  9:34  Archon  
  94  9:40  Probe x2  
  94  9:41  Probe  
  94  9:42  Observer  
  97  9:53  Probe x2, Mothership Core  
  101  10:05  Probe x2  
  101  10:06  Charge (Chrono Boost)  
  103  10:14  Probe  
  103  10:17  Probe x2, Pylon  
  103  10:21  Pylon  
  106  10:24  Protoss Ground Weapons Level 3  
  106  10:26  Probe  
  106  10:28  Protoss Ground Armor Level 3  
  107  10:29  Probe  
  107  10:30  Probe  
  109  10:38  Probe  
  109  10:40  Stalker x5  
  109  10:41  Probe, Stalker x2  
  125  10:44  Pylon  
  125  10:46  Pylon  
  125  10:49  Pylon  
  125  11:08  Stalker x2  
  125  11:09  Stalker x5  
  139  11:23  Nexus  
  139  11:27  Assimilator  
  139  11:30  Probe x2  
  139  11:31  Probe  
  139  11:32  Assimilator  
  142  11:37  Stalker x3  
  142  11:38  Zealot  
  148  11:42  Probe  
  149  11:56  Probe  
  149  11:57  Probe x2  
  152  12:03  Pylon  
  152  12:09  Pylon  
  152  12:11  Pylon  
  152  12:17  Pylon  
  152  12:19  Pylon  
  152  12:51  Protoss Shields Level 1  
  152  12:56  Psionic Storm  
  153  13:13  Observer  
  153  13:26  Nexus  
  153  14:01  Nexus  
  153  14:09  Nexus  
  153  14:23  Nexus  
  153  14:28  Assimilator  
  153  14:38  Nexus  
  153  14:42  Assimilator  
  153  14:50  Nexus  
  153  14:52  Assimilator  
  153  14:58  Assimilator  
  153  15:05  Nexus  
  153  15:17  Assimilator  
  153  15:19  Nexus, Assimilator  
  153  15:31  Nexus  
  153  15:34  Assimilator  
  153  15:39  Assimilator  
  153  15:50  Nexus  
  153  15:52  Assimilator  
  153  15:57  Assimilator  
  153  16:11  Assimilator  
  153  16:13  Assimilator  
  153  16:29  Assimilator  
  153  16:34  Assimilator  
  153  16:45  Assimilator  
  153  16:50  Assimilator  
  153  17:03  Assimilator  
  153  17:10  Assimilator  
  153  17:17  Nexus  
  153  17:19  Assimilator  
  153  17:25  Assimilator  
  153  17:35  Assimilator  
  153  17:41  Assimilator  
  153  17:46  Nexus  
  153  17:50  Assimilator  
  153  17:56  Assimilator  
  153  18:51  Robotics Bay  
  153  18:53  Stargate  
Show
View Real Time Build Order
Export as new Build Order

A.I. 1 (Very Hard) Protoss 

Build Orders: 1 Gate Expand, Zealot Archon 

Get SALT Encoding   

  12  0:01  Probe (Chrono Boost)  
  13  0:11  Probe (Chrono Boost)  
  14  0:20  Pylon  
  14  0:22  Probe (Chrono Boost)  
  15  0:38  Probe (Chrono Boost)  
  16  0:49  Probe (Chrono Boost), Gateway  
  17  0:59  Probe (Chrono Boost)  
  18  1:10  Probe (Chrono Boost), Assimilator  
  19  1:13  Pylon  
  19  1:20  Probe (Chrono Boost)  
  20  1:32  Nexus  
  20  1:42  Cybernetics Core  
  20  1:44  Probe (Chrono Boost)  
  21  1:49  Zealot  
  23  2:05  Gateway  
  23  2:07  Probe (Chrono Boost)  
  24  2:17  Pylon  
  24  2:18  Probe (Chrono Boost)  
  24  2:22  Zealot, Warp Gate  
  25  2:29  Probe (Chrono Boost)  
  28  2:39  Assimilator  
  28  2:40  Probe (Chrono Boost)  
  29  2:45  Probe (Chrono Boost)  
  29  2:48  Adept  
  32  2:52  Probe (Chrono Boost)  
  32  2:55  Adept  
  34  3:02  Probe (Chrono Boost)  
  35  3:09  Probe (Chrono Boost)  
  35  3:11  Pylon  
  36  3:14  Stalker  
  36  3:19  Probe (Chrono Boost)  
  39  3:22  Probe (Chrono Boost)  
  39  3:30  Probe (Chrono Boost)  
  39  3:34  Probe (Chrono Boost)  
  40  3:41  Probe (Chrono Boost)  
  40  3:45  Probe (Chrono Boost)  
  41  3:50  Robotics Facility  
  41  3:52  Probe (Chrono Boost), Adept  
  44  3:58  Probe (Chrono Boost)  
  44  4:02  Adept  
  45  4:03  Probe (Chrono Boost)  
  45  4:09  Probe (Chrono Boost)  
  49  4:15  Probe (Chrono Boost)  
  50  4:17  Adept  
  50  4:21  Probe (Chrono Boost)  
  50  4:23  Pylon  
  53  4:26  Probe (Chrono Boost)  
  54  4:32  Probe (Chrono Boost)  
  54  4:37  Probe (Chrono Boost)  
  60  4:39  Stalker  
  60  4:43  Pylon  
  62  4:50  Forge  
  58  5:00  Robotics Facility  
  58  5:05  Robotics Facility  
  58  5:06  Probe (Chrono Boost)  
  58  5:08  Probe (Chrono Boost)  
  55  5:17  Probe (Chrono Boost)  
  55  5:19  Probe (Chrono Boost)  
  50  5:23  Adept  
  50  5:26  Photon Cannon  
  50  5:28  Probe (Chrono Boost)  
  47  5:29  Twilight Council  
  47  5:30  Probe (Chrono Boost)  
  47  5:34  Photon Cannon  
  43  5:38  Probe (Chrono Boost)  
  39  5:56  Probe (Chrono Boost)  
  38  6:01  Robotics Facility  
  34  6:09  Templar Archives  
  34  6:23  Probe (Chrono Boost)  
  35  6:26  Probe (Chrono Boost)  
  36  6:44  Zealot  
  36  6:46  High Templar  
  40  6:50  Assimilator  
  40  6:56  Assimilator  
  40  6:58  Probe (Chrono Boost)  
  42  7:02  Probe (Chrono Boost), High Templar  
  45  7:09  Probe (Chrono Boost), Gateway  
  45  7:13  Probe (Chrono Boost)  
  46  7:16  Stalker  
  46  7:17  Archon  
  46  7:20  Probe (Chrono Boost)  
  49  7:32  Probe (Chrono Boost), High Templar  
  49  7:35  Probe (Chrono Boost)  
  53  7:37  Stalker  
  53  7:43  Probe (Chrono Boost)  
  56  7:49  Probe (Chrono Boost)  
  57  7:54  Probe (Chrono Boost)  
  58  7:59  Stalker  
  58  8:00  Probe (Chrono Boost)  
  58  8:03  High Templar  
  58  8:05  Sentry, Probe (Chrono Boost)  
  66  8:11  Observer  
  66  8:12  Probe (Chrono Boost)  
  67  8:13  Archon  
  67  8:17  Probe (Chrono Boost)  
  67  8:18  Pylon  
  69  8:23  Probe (Chrono Boost)  
  70  8:27  High Templar  
  70  8:28  Probe (Chrono Boost)  
  74  8:35  Probe (Chrono Boost)  
  74  8:37  Zealot  
  74  8:40  Probe (Chrono Boost)  
  77  8:41  High Templar  
  77  8:42  Pylon  
  77  8:46  Probe (Chrono Boost)  
  80  8:52  Probe (Chrono Boost)  
  81  8:56  Stalker  
  81  8:57  Probe (Chrono Boost)  
  81  8:58  Sentry  
  87  9:03  Probe (Chrono Boost), Pylon  
  87  9:08  Probe (Chrono Boost)  
  88  9:12  Stalker  
  88  9:14  Probe (Chrono Boost)  
  91  9:18  Stalker  
  91  9:20  Probe (Chrono Boost)  
  91  9:22  Stalker  
  94  9:25  Pylon  
  94  9:26  Probe (Chrono Boost)  
  83  9:33  Sentry  
  69  9:39  Zealot  
  69  9:43  High Templar  
  69  9:44  Observer  
  71  9:55  Adept  
  71  9:57  Stalker  
  75  10:11  Archon  
  75  10:13  Stalker  
  75  10:14  Zealot  
  79  10:18  Adept  
  62  10:32  Zealot  
  62  10:34  High Templar  
  53  10:36  Zealot  
  48  10:50  Zealot  
  46  11:00  Probe (Chrono Boost)  
  46  11:03  Probe (Chrono Boost), Templar Archives  
  44  11:08  Stalker  
  44  11:10  Probe (Chrono Boost)  
  34  11:13  Probe (Chrono Boost)  
  32  11:24  Probe (Chrono Boost)  
  31  11:25  Pylon  
  26  11:34  Probe (Chrono Boost)  
  27  11:42  Pylon  
  27  11:45  Probe (Chrono Boost)  
  27  12:06  Pylon  
  27  12:08  Nexus  
  1  12:46  Pylon  
  1  12:49  Nexus  
  1  13:02  Nexus  
  1  13:04  Assimilator  
  1  13:08  Assimilator  
  1  13:21  Probe (Chrono Boost)  
  2  13:31  Gateway  
  2  13:32  Probe (Chrono Boost)  
  3  14:03  Probe (Chrono Boost)  
  2  14:14  Probe x2 (Chrono Boost)  
  4  14:24  Probe (Chrono Boost)  
  4  14:25  Probe (Chrono Boost)  
  6  15:53  Probe x2 (Chrono Boost)  
  8  16:29  Probe x2 (Chrono Boost)  
  10  16:39  Probe (Chrono Boost)  
  7  16:52  Probe x2 (Chrono Boost)  
  1  17:17  Nexus  
Tags
 
Add a new tag
Caveats
  • Supply blocks, unpowered buildings, or Contaminate may cause inaccurate times.
  • Supply counts are checked every 10 seconds.